[Event "Friday Night Double Round Robin 3m+1s Starts at 2200hrs ST NO LATE JOINS POSS"]
[Site "Infinity Chess"]
[Date "2018.1.20"]
[Round "16"]
[White "star99"]
[Black "sg13040"]
[Result "1/2-1/2 "]
[ECO "D31"]
[WhiteElo "2463"]
[BlackElo "2400"]
[WhiteEngine "Cryptic AIL V1"]
[BlackEngine "asmFishW_2018-01-14_popcnt"]
[EventType "Round Robin"]
[WhiteTeam ""]
[BlackTeam ""]
[PlyCount "107"]
[TimeControl "180+1"]

1. d4 d5 2. c4 e6 3. Nc3 c6 4. e4 dxe4 5. Nxe4 Bb4+ 6. Bd2 Qxd4 7. Bxb4 Qxe4+ 
8. Be2 Na6 9. Ba5 b6 10. Qd6 Bd7 11. Bc3 f6 12. Nf3 Nh6 13. Rd1 Rd8 14. Qa3 Bc8 
15. Nd2 Qf4 16. Bh5+ Nf7 17. O-O c5 18. Qa4+ Ke7 19. Rfe1 Ng5 20. Re3 Rd6 
21. Rde1 Rhd8 22. Nf3 Kf8 23. g3 Qf5 24. Nxg5 Qxg5 25. Bf3 e5 26. Bg2 Qg6 
27. a3 h5 28. f4 exf4 29. gxf4 h4 30. f5 Qh5 31. Bf3 Qg5+ 32. Kh1 R6d7 
33. Qc2 Nc7 34. Bc6 Kg8 35. Qe2 Rf7 36. Rg1 Qxf5 37. Rf3 Qe6 38. Qxe6 Nxe6 
39. Rxf6 Rxf6 40. Bxf6 Rd2 41. Bd5 Kh7 42. Bc3 Re2 43. Bxe6 Bxe6 44. Rxg7+ Kh6 
45. Rg2 Re4 46. b3 Bg4 47. Kg1 Bd1 48. b4 Rxc4 49. Bd2+ Kh7 50. h3 Re4 
51. bxc5 bxc5 52. Rg5 c4 53. Ra5 Re7 54. Rc5 1/2-1/2

[Event "Friday Night Double Round Robin 3m+1s Starts at 2200hrs ST NO LATE JOINS POSS"]
[Site "Infinity Chess"]
[Date "2018.1.20"]
[Round "16"]
[White "KULLANI"]
[Black "ocirema"]
[Result "1/2-1/2"]
[ECO "B90"]
[WhiteElo "2464"]
[BlackElo "2472"]
[WhiteEngine "BrainFish_180113_x64_CTG"]
[BlackEngine "stockfish_18011309_x64_modern_CTG"]
[EventType "Round Robin"]
[WhiteTeam ""]
[BlackTeam ""]
[PlyCount "126"]
[TimeControl "180+1"]

1. e4 c5 2. Nf3 d6 3. d4 cxd4 4. Nxd4 Nf6 5. Nc3 a6 6. Be3 e5 7. Nb3 Be6 
8. Be2 Be7 9. Qd3 O-O 10. O-O Nc6 11. a3 Rc8 12. Rfd1 Na5 13. Nxa5 Qxa5 
14. h3 b5 15. Bg5 h6 16. Bxf6 Bxf6 17. Bg4 Rc6 18. Bxe6 fxe6 19. Nd5 Bh4 
20. Rf1 Rcc8 21. Ne3 Rc6 22. g3 Bg5 23. c3 Qb6 24. Rae1 h5 25. h4 Bh6 26. Nc2 a5 
27. Rd1 Qc5 28. Kg2 Qc4 29. Ne3 Qxd3 30. Rxd3 Kf7 31. Kf3 Ke7+ 32. Ke2 Bxe3 
33. Kxe3 b4 34. cxb4 axb4 35. axb4 Rb8 36. Rc3 Rcb6 37. Rc7+ Kf6 38. Rd1 Ra6 
39. Rc4 Rab6 40. b3 Rxb4 41. Rxd6 Rxb3+ 42. Ke2 R3b6 43. Rxb6 Rxb6 44. Rc5 Rb1 
45. f3 Rb2+ 46. Kf1 Rb3 47. Kg2 Rb2+ 48. Kf1 Rb3 49. Ke2 g6 50. Rc2 Rb8 
51. Ra2 g5 52. hxg5+ Kxg5 53. Rc2 h4 54. gxh4+ Kxh4 55. Rc5 Rb2+ 56. Kd1 Rb1+ 
57. Ke2 Rb2+ 58. Kd1 Rb1+ 59. Kd2 Rb3 60. Rxe5 Rxf3 61. Rxe6 Kg5 62. Ke2 Ra3 
63. Rd6 Ra1 1/2-1/2

[Event "Friday Night Double Round Robin 3m+1s Starts at 2200hrs ST NO LATE JOINS POSS"]
[Site "Infinity Chess"]
[Date "2018.1.20"]
[Round "16"]
[White "Dovahkiin"]
[Black "RonWeasley"]
[Result "1/2-1/2"]
[ECO "A00"]
[WhiteElo "2436"]
[BlackElo "2513"]
[WhiteEngine "BrainFish_180113_x64_modern_CTG"]
[BlackEngine "BrainFish 130117_CTG"]
[EventType "Round Robin"]
[WhiteTeam ""]
[BlackTeam ""]
[PlyCount "72"]
[TimeControl "180+1"]

1. e3 e5 2. e4 Nf6 3. Nc3 Bc5 4. Bc4 c6 5. Nf3 d6 6. d3 Bb6 7. O-O O-O 8. a4 a5 
9. h3 h6 10. Be3 Bxe3 11. fxe3 Be6 12. Bxe6 fxe6 13. d4 Nbd7 14. Qd2 Qb6 
15. Rad1 Rae8 16. b3 Qb4 17. Na2 Qxd2 18. Nxd2 b5 19. Nc1 Rb8 20. Nd3 bxa4 
21. bxa4 c5 22. dxe5 Nxe5 23. Nxe5 dxe5 24. Nb3 Nxe4 25. Nxa5 Rxf1+ 
26. Kxf1 Rf8+ 27. Ke1 Rf2 28. Nc6 Rxc2 29. Ra1 c4 30. a5 Rxg2 31. Kf1 Rd2 
32. a6 Ng3+ 33. Kg1 Ne2+ 34. Kf1 Ng3+ 35. Kg1 Ne2+ 36. Kf1 Ng3+ 1/2-1/2

[Event "Friday Night Double Round Robin 3m+1s Starts at 2200hrs ST NO LATE JOINS POSS"]
[Site "Infinity Chess"]
[Date "2018.1.20"]
[Round "16"]
[White "tris77"]
[Black "BraveDevil"]
[Result "1-0"]
[ECO "B90"]
[WhiteElo "2426"]
[BlackElo "2458"]
[WhiteEngine "Raubfisch X37b_CTG"]
[BlackEngine "Cryptic AIL V1"]
[EventType "Round Robin"]
[WhiteTeam ""]
[BlackTeam ""]
[PlyCount "171"]
[TimeControl "180+1"]

1. e4 c5 2. Nf3 d6 3. d4 cxd4 4. Nxd4 Nf6 5. Nc3 a6 6. Be3 e5 7. Nb3 Be7 
8. f3 Be6 9. Qd2 O-O 10. O-O-O Nbd7 11. g4 Qc7 12. g5 Nh5 13. Kb1 b5 
14. Nd5 Bxd5 15. exd5 Nb6 16. Na5 Nxd5 17. Qxd5 Qxa5 18. Bd3 g6 19. Qb7 Qd8 
20. Rhg1 d5 21. Be4 d4 22. c3 Rb8 23. Qxa6 Bc5 24. Qc6 Rc8 25. Qxb5 Ng7 
26. cxd4 exd4 27. Bc1 Re8 28. Bb7 Rc7 29. Bf4 Bd6 30. Rxd4 Nf5 31. Rxd6 Nxd6 
32. Bxd6 Rd7 33. Bc5 Re5 34. a4 Rxc5 35. Qxc5 Rxb7 36. Ka2 Rc7 37. Qb5 Rd7 
38. Rc1 h5 39. gxh6 Kh7 40. a5 Kxh6 41. a6 Ra7 42. Rc6 Qd4 43. Ka3 Ra8 
44. f4 Re8 45. Ka2 Qxf4 46. Rc4 Qe3 47. Qc5 Qh3 48. Qd6 Qh5 49. Qd7 Ra8 
50. a7 Kg7 51. Rc7 Qa5+ 52. Kb3 Qb6+ 53. Kc4 Qa6+ 54. Kc3 Rf8 55. b4 Kh6 
56. b5 Qa3+ 57. Kc4 Qe3 58. Qd4 Qc1+ 59. Qc3 Qf4+ 60. Kb3 Qf5 61. Ka4 Re8 
62. Qc4 Qe5 63. Ka5 Ra8 64. Ka6 Qa1+ 65. Kb6 Qg1+ 66. Qc5 Qg4 67. Kb7 Rd8 
68. a8=Q Rxa8 69. Kxa8 Qg2+ 70. Kb8 Qxh2 71. Qf8+ Kg5 72. Qxf7 Qh8+ 73. Kb7 Qd4 
74. Qe7+ Kh6 75. Qf8+ Kg5 76. Qc5+ Qxc5 77. Rxc5+ Kf4 78. b6 g5 79. Kc6 g4 
80. b7 g3 81. b8=Q+ Kg4 82. Qe5 Kf3 83. Rc3+ Kf2 84. Rxg3 Kf1 85. Qb2 Ke1 
86. Rg1# 1-0

[Event "Friday Night Double Round Robin 3m+1s Starts at 2200hrs ST NO LATE JOINS POSS"]
[Site "Infinity Chess"]
[Date "2018.1.20"]
[Round "16"]
[White "xeonrocks"]
[Black "Victorious"]
[Result "1/2-1/2"]
[ECO "C53"]
[WhiteElo "2533"]
[BlackElo "2536"]
[WhiteEngine "asmFishW_CTG"]
[BlackEngine "BugChess2.41_Release"]
[EventType "Round Robin"]
[WhiteTeam ""]
[BlackTeam ""]
[PlyCount "92"]
[TimeControl "180+1"]

1. e4 e5 2. Nf3 Nc6 3. Bc4 Bc5 4. c3 Nf6 5. d4 exd4 6. e5 d5 7. Bb5 Ne4 
8. cxd4 Bb6 9. O-O Bg4 10. a4 a5 11. Nc3 O-O 12. Bxc6 bxc6 13. h3 Bh5 14. g4 Bg6 
15. Be3 h5 16. Rc1 hxg4 17. hxg4 f6 18. exf6 Qxf6 19. Ne5 Rae8 20. f4 Qh4 
21. Qe1 Ng3 22. Kg2 Rxe5 23. dxe5 Bxe3 24. Qxg3 Qxg3+ 25. Kxg3 Bd3 26. f5 d4 
27. Kf3 Bxc1 28. Rxc1 dxc3 29. Rxc3 Ba6 30. Ke3 Rb8 31. Rxc6 Rb3+ 32. Kd2 Rxb2+ 
33. Kc3 Rb6 34. Rxc7 Be2 35. Rc8+ Kh7 36. e6 Bxg4 37. e7 Bh5 38. e8=Q Bxe8 
39. Rxe8 Rb4 40. Ra8 Rxa4 41. Kd3 Ra1 42. Ra7 Kg8 43. f6 gxf6 44. Ke4 Rf1 
45. Rxa5 Kh7 46. Ra2 Kg7 1/2-1/2

[Event "Friday Night Double Round Robin 3m+1s Starts at 2200hrs ST NO LATE JOINS POSS"]
[Site "Infinity Chess"]
[Date "2018.1.20"]
[Round "16"]
[White "OlivierEvan"]
[Black "Gilgamesch"]
[Result "0-1"]
[ECO "A13"]
[WhiteElo "2410"]
[BlackElo "2552"]
[WhiteEngine "Houdini 6"]
[BlackEngine "BrainFish_171005_x64_bmi2"]
[EventType "Round Robin"]
[WhiteTeam ""]
[BlackTeam ""]
[PlyCount "190"]
[TimeControl "180+1"]

1. c4 e6 2. Nf3 Nf6 3. d4 d5 4. g3 Bb4+ 5. Bd2 Be7 6. Bg2 Nbd7 7. O-O O-O 
8. Qc2 c6 9. Bf4 b6 10. Rd1 Bb7 11. Nc3 dxc4 12. Nd2 Nd5 13. Nxc4 Nxf4 
14. gxf4 Qc7 15. e3 Rac8 16. a3 Rfd8 17. Rac1 Nf8 18. f5 c5 19. d5 Ba6 
20. Nd2 exf5 21. Qxf5 Ng6 22. Qh3 Rb8 23. Qg3 Qd7 24. Nde4 Bh4 25. Qf3 f5 
26. Ng3 Rf8 27. Bh3 Ne5 28. Qf4 Bxg3 29. hxg3 Rbe8 30. e4 Kh8 31. Bxf5 Qd6 
32. Qe3 g6 33. Be6 Rf3 34. Qg5 Ref8 35. Rc2 Bd3 36. Rxd3 Rxd3 37. Bg4 Kg7 
38. Be2 h6 39. Qc1 Nf3+ 40. Kf1 Nd4 41. Bxd3 Qxg3 42. Bc4 h5 43. Nd1 Qh4 
44. Ke1 Nf3+ 45. Ke2 Qxe4+ 46. Ne3 Nd4+ 47. Ke1 h4 48. Bf1 Rf3 49. Rc3 h3 
50. Qd2 Rf7 51. Qd3 Qh4 52. Nd1 Re7+ 53. Ne3 Nf3+ 54. Ke2 Nd4+ 55. Ke1 h2 
56. Bg2 h1=Q+ 57. Bxh1 Qxh1+ 58. Qf1 Qxd5 59. Qe2 Qa2 60. Qg4 Qb1+ 61. Qd1 Qxb2 
62. Rd3 Re4 63. Kf1 Rh4 64. Kg2 Qa2 65. Qd2 Qe6 66. Nf1 c4 67. Re3 Rg4+ 
68. Kh3 Re4+ 69. Kg2 Rxe3 70. Qxd4+ Re5 71. Ne3 Qc6+ 72. Kf1 Qh1+ 73. Ke2 Qe4 
74. Qd2 Qd3+ 75. Qxd3 cxd3+ 76. Kxd3 Rxe3+ 77. Kxe3 g5 78. Kf3 Kf6 79. Ke4 b5 
80. Kd4 g4 81. Ke4 a5 82. Kd3 b4 83. Kc2 bxa3 84. Kb1 a4 85. Ka2 Ke5 86. Kb1 a2+ 
87. Ka1 a3 88. f3 gxf3 89. Kxa2 f2 90. Kxa3 Kd4 91. Kb3 f1=Q 92. Kb2 Qd1 
93. Ka3 Kc3 94. Ka2 Qb3+ 95. Ka1 Qb2# 0-1

[Event "Friday Night Double Round Robin 3m+1s Starts at 2200hrs ST NO LATE JOINS POSS"]
[Site "Infinity Chess"]
[Date "2018.1.20"]
[Round "15"]
[White "Victorious"]
[Black "PAKtech"]
[Result "1/2-1/2"]
[ECO "A06"]
[WhiteElo "2540"]
[BlackElo "2438"]
[WhiteEngine "BugChess2.41_Release"]
[BlackEngine "Raubfisch ME262_GTZ16b3._CTG"]
[EventType "Round Robin"]
[WhiteTeam ""]
[BlackTeam ""]
[PlyCount "123"]
[TimeControl "180+1"]

1. Nf3 d5 2. d4 e6 3. c4 Nf6 4. cxd5 exd5 5. Nc3 c6 6. Bf4 Bd6 7. Bxd6 Qxd6 
8. e3 O-O 9. Qc2 Bg4 10. Ne5 Be6 11. Bd3 a6 12. h3 Re8 13. Nf3 Nbd7 14. O-O h6 
15. Rac1 Rad8 16. a3 Rc8 17. Rfd1 c5 18. dxc5 Nxc5 19. Nd4 Qb6 20. Nce2 Bd7 
21. Qb1 Qd6 22. Bf5 Ne6 23. Nf3 Nc5 24. Bxd7 Ncxd7 25. Nf4 Nb6 26. Nd4 Nc4 
27. Rc2 Qd7 28. Qa2 g5 29. Nd3 Nd6 30. b3 Nb5 31. Nxb5 Qxb5 32. Qb2 Rxc2 
33. Qxc2 Qb6 34. Ne1 Qd6 35. Nf3 Qxa3 36. Nd4 Qe7 37. Nf5 Qe4 38. Qxe4 Rxe4 
39. Nxh6+ Kf8 40. Nf5 Rb4 41. Rd3 Ke8 42. Kf1 a5 43. Ke2 Ne4 44. g3 b6 
45. h4 gxh4 46. gxh4 f6 47. h5 Kf7 48. f4 Nc5 49. Rxd5 Rxb3 50. Rd8 Rb1 
51. Kf3 Rh1 52. Rh8 a4 53. Kg2 Rd1 54. Rh7+ Ke6 55. Ng7+ Kd5 56. h6 Rd2+ 
57. Kh3 Kc4 58. Rh8 Rd1 59. Kg2 Rd2+ 60. Kh3 Rd1 61. Kg2 Rd2+ 62. Kh3 1/2-1/2

[Event "Friday Night Double Round Robin 3m+1s Starts at 2200hrs ST NO LATE JOINS POSS"]
[Site "Infinity Chess"]
[Date "2018.1.20"]
[Round "15"]
[White "MGR"]
[Black "tris77"]
[Result "1/2-1/2"]
[ECO "B90"]
[WhiteElo "2544"]
[BlackElo "2421"]
[WhiteEngine "asmFishW_2017-11-19_bmi2"]
[BlackEngine "Raubfisch X37b_CTG"]
[EventType "Round Robin"]
[WhiteTeam ""]
[BlackTeam ""]
[PlyCount "121"]
[TimeControl "180+1"]

1. e4 c5 2. Nf3 d6 3. d4 cxd4 4. Nxd4 Nf6 5. Nc3 a6 6. Be3 e5 7. Nb3 Be6 
8. Be2 Be7 9. Qd3 O-O 10. O-O Nc6 11. a3 Rc8 12. Rfe1 Nb8 13. h3 d5 
14. Nxd5 Nxd5 15. exd5 Bxd5 16. Rad1 Be6 17. Qxd8 Rfxd8 18. Rxd8+ Rxd8 
19. Bc5 Bg5 20. Na5 b5 21. Bb4 f5 22. a4 bxa4 23. Ra1 e4 24. Rxa4 Bf6 25. b3 g6 
26. Kf1 Rc8 27. Ra2 h6 28. Bd2 g5 29. Bb4 f4 30. Bc4 Kf7 31. Bd2 Bd8 
32. Bxe6+ Kxe6 33. Nc4 Rc6 34. g3 Bc7 35. Ba5 Be5 36. Bd2 Bc7 37. Ba5 Be5 
38. Nxe5 Kxe5 39. Bd2 Nd7 40. gxf4+ gxf4 41. Ra5+ Rc5 42. Ra2 Rc6 43. Ke2 Kf5 
44. c4 Nc5 45. Ra5 Kg6 46. Bxf4 Nxb3 47. Rd5 Rxc4 48. Rd6+ Kf5 49. Be3 a5 
50. Rxh6 Nd4+ 51. Bxd4 Rxd4 52. Rh5+ Kf4 53. Rxa5 Rd3 54. Rh5 Rb3 55. Rh4+ Kf5 
56. Kd2 Ke5 57. Rh7 Rb2+ 58. Kc3 Rxf2 59. h4 e3 60. Kd3 e2 61. Kd2 1/2-1/2

[Event "Friday Night Double Round Robin 3m+1s Starts at 2200hrs ST NO LATE JOINS POSS"]
[Site "Infinity Chess"]
[Date "2018.1.20"]
[Round "15"]
[White "RonWeasley"]
[Black "KULLANI"]
[Result "1-0"]
[ECO "C53"]
[WhiteElo "2498"]
[BlackElo "2479"]
[WhiteEngine "BrainFish 130117_CTG"]
[BlackEngine "BrainFish_180113_x64_CTG"]
[EventType "Round Robin"]
[WhiteTeam ""]
[BlackTeam ""]
[PlyCount "100"]
[TimeControl "180+1"]

1. e4 e5 2. Nf3 Nc6 3. Bc4 Bc5 4. c3 Nf6 5. d3 O-O 6. O-O d5 7. exd5 Nxd5 
8. a4 a6 9. Nbd2 Kh8 10. Ne4 Ba7 11. Re1 f6 12. b4 Bf5 13. Bd2 Qd7 14. h3 Rad8 
15. b5 Na5 16. Ba2 Nf4 17. Bxf4 exf4 18. d4 Rfe8 19. Neg5 fxg5 20. Ne5 Rxe5 
21. Rxe5 axb5 22. Qh5 Nc4 23. Bxc4 bxc4 24. Qxg5 Bg6 25. Rae1 Qd6 26. Re7 Rf8 
27. R1e6 Qa3 28. Qe5 Rg8 29. Rf6 Qxe7 30. Qxe7 gxf6 31. Qxf6+ Rg7 32. Qd8+ Rg8 
33. Qf6+ Rg7 34. Qd8+ Rg8 35. Qxc7 h5 36. Qxf4 Kh7 37. Qc7+ Rg7 38. Qxc4 Re7 
39. Qb4 Re1+ 40. Kh2 Bb8+ 41. g3 Be4 42. Qe7+ Kg6 43. Qe8+ Kg7 44. f3 Re2+ 
45. Kg1 Bd3 46. Qd7+ Kf8 47. Qd8+ Kf7 48. f4 Re8 49. Qd5+ Ke7 50. Qxb7+ Kf8 1-0

[Event "Friday Night Double Round Robin 3m+1s Starts at 2200hrs ST NO LATE JOINS POSS"]
[Site "Infinity Chess"]
[Date "2018.1.20"]
[Round "15"]
[White "ocirema"]
[Black "star99"]
[Result "1/2-1/2"]
[ECO "B90"]
[WhiteElo "2472"]
[BlackElo "2463"]
[WhiteEngine "stockfish_18011309_x64_modern_CTG"]
[BlackEngine "Cryptic AIL V1"]
[EventType "Round Robin"]
[WhiteTeam ""]
[BlackTeam ""]
[PlyCount "155"]
[TimeControl "180+1"]

1. e4 c5 2. Nf3 d6 3. d4 cxd4 4. Nxd4 Nf6 5. Nc3 a6 6. Be3 e5 7. Nb3 Be7 
8. Be2 Be6 9. O-O O-O 10. Qd3 Nbd7 11. Nd5 Nxd5 12. exd5 e4 13. Qxe4 Nf6 
14. Qd3 Bxd5 15. c3 Be4 16. Qd2 d5 17. g3 Re8 18. Rfe1 Qd7 19. f3 Bg6 20. Bf1 h6 
21. Bd4 Qc6 22. Bf2 Rad8 23. Bh3 Nh7 24. Nd4 Qc7 25. Bg2 Bd6 26. Rad1 Rxe1+ 
27. Rxe1 Ng5 28. Kh1 Qd7 29. Re2 Nh3 30. Be3 Re8 31. Nb3 b5 32. a3 Re7 
33. Nc1 Bc7 34. Nd3 Bxd3 35. Qxd3 Ng5 36. Kg1 Qc6 37. Kf1 Nh7 38. Qd4 Qe8 
39. Bh3 Ng5 40. Bg2 Nh7 41. f4 Nf6 42. Bf3 h5 43. Qd3 h4 44. gxh4 Qd7 
45. Kg2 Ne4 46. h3 Re6 47. h5 Qc6 48. Qd1 Rf6 49. Qc1 Qd7 50. Re1 Qd8 
51. Rf1 Re6 52. Qe1 Qd6 53. Bg4 Re8 54. Rf3 Qc6 55. Qd1 Nf6 56. Bd4 Bb6 
57. Bxb6 Qxb6 58. Rd3 Qc7 59. Qd2 Ne4 60. Qe3 Nf6 61. Qd2 Ne4 62. Qe3 Nf6 
63. Qf2 Qc4 64. Rd4 Qa2 65. Rd2 Ne4 66. Qe3 Nd6 67. Qb6 Nc4 68. Qc6 Re7 
69. Qa8+ Kh7 70. Qd8 Qb1 71. Qxe7 Nxd2 72. Qxf7 Qf1+ 73. Kh2 Qf2+ 74. Kh1 Qf1+ 
75. Kh2 Qf2+ 76. Kh1 Qe1+ 77. Kg2 Qf1+ 78. Kh2 1/2-1/2

[Event "Friday Night Double Round Robin 3m+1s Starts at 2200hrs ST NO LATE JOINS POSS"]
[Site "Infinity Chess"]
[Date "2018.1.20"]
[Round "14"]
[White "Deep SKY"]
[Black "ocirema"]
[Result "1/2-1/2"]
[ECO "B97"]
[WhiteElo "2507"]
[BlackElo "2471"]
[WhiteEngine "BrainFish_180106_x64_CTG"]
[BlackEngine "stockfish_18011309_x64_modern_CTG"]
[EventType "Round Robin"]
[WhiteTeam ""]
[BlackTeam ""]
[PlyCount "76"]
[TimeControl "180+1"]

1. e4 c5 2. Nf3 d6 3. d4 cxd4 4. Nxd4 Nf6 5. Nc3 a6 6. Bg5 e6 7. f4 Qb6 
8. Qd2 Qxb2 9. Rb1 Qa3 10. e5 h6 11. Bh4 dxe5 12. fxe5 Nfd7 13. Ne4 Qxa2 
14. Rd1 Qd5 15. Qe3 Bc5 16. Nxe6 Bb4+ 17. c3 Qxe6 18. cxb4 O-O 19. Rd6 Qa2 
20. Be2 Qb1+ 21. Kf2 Qxb4 22. Rd4 Qb6 23. Rhd1 Nc6 24. Rxd7 Qxe3+ 25. Kxe3 Bxd7 
26. Rxd7 b5 27. e6 fxe6 28. Bg4 Ne5 29. Bxe6+ Kh8 30. Rb7 Rfe8 31. Bd5 Rac8 
32. Bg3 Nc4+ 33. Kd4 Na3 34. Nd6 Nc2+ 35. Kd3 Nb4+ 36. Kd4 Nc2+ 37. Kd3 Nb4+ 
38. Kd4 Nc2+ 1/2-1/2

[Event "Friday Night Double Round Robin 3m+1s Starts at 2200hrs ST NO LATE JOINS POSS"]
[Site "Infinity Chess"]
[Date "2018.1.20"]
[Round "14"]
[White "star99"]
[Black "RonWeasley"]
[Result "1/2-1/2"]
[ECO "E10"]
[WhiteElo "2462"]
[BlackElo "2499"]
[WhiteEngine "Cryptic AIL V1"]
[BlackEngine "BrainFish 130117_CTG"]
[EventType "Round Robin"]
[WhiteTeam ""]
[BlackTeam ""]
[PlyCount "73"]
[TimeControl "180+1"]

1. d4 Nf6 2. c4 e6 3. Nf3 d5 4. Nc3 c6 5. Bg5 h6 6. Bh4 dxc4 7. e4 g5 8. Bg3 b5 
9. Ne5 Bb7 10. h4 g4 11. Be2 Nbd7 12. Bxg4 Nxe5 13. Bxe5 Rg8 14. Bf3 Nd7 
15. Bg3 Qb6 16. O-O O-O-O 17. Kh1 Rxg3 18. fxg3 Ne5 19. Ne2 c5 20. dxc5 Rxd1 
21. cxb6 Rd2 22. Bh5 axb6 23. Bxf7 Nxf7 24. Rxf7 Bc5 25. Nf4 Rxb2 26. Nxe6 Bxe4 
27. Nxc5 bxc5 28. Re1 Rb1 29. Rff1 Rxe1 30. Rxe1 Bd3 31. Re5 b4 32. Rxc5+ Kd7 
33. Kg1 Kd6 34. Rc8 Kd7 35. Rc5 Kd6 36. Rc8 Kd7 37. Rc5 1/2-1/2

[Event "Friday Night Double Round Robin 3m+1s Starts at 2200hrs ST NO LATE JOINS POSS"]
[Site "Infinity Chess"]
[Date "2018.1.20"]
[Round "14"]
[White "KULLANI"]
[Black "BraveDevil"]
[Result "1/2-1/2"]
[ECO "B23"]
[WhiteElo "2480"]
[BlackElo "2458"]
[WhiteEngine "BrainFish_180113_x64_CTG"]
[BlackEngine "Cryptic AIL V1"]
[EventType "Round Robin"]
[WhiteTeam ""]
[BlackTeam ""]
[PlyCount "92"]
[TimeControl "180+1"]

1. e4 c5 2. Nc3 Nc6 3. Nge2 e6 4. d4 cxd4 5. Nxd4 Nf6 6. Nxc6 bxc6 7. e5 Nd5 
8. Ne4 Qc7 9. f4 Qb6 10. c4 Ne3 11. Qd3 Bb4+ 12. Bd2 O-O 13. Rc1 a5 
14. Bxb4 Qxb4+ 15. Qd2 f5 16. Nd6 Rb8 17. Qxb4 axb4 18. Kd2 Nxf1+ 19. Rhxf1 c5 
20. Rf3 Bb7 21. Nxb7 Rxb7 22. Rb3 Rc7 23. Kc2 Kf7 24. Rg1 Ra7 25. a3 bxa3 
26. Rxa3 Rb7 27. Ra5 Rfb8 28. Rb1 Rc7 29. Rd1 Rcb7 30. b3 Rxb3 31. Rxd7+ Kg6 
32. Ra2 Re3 33. Kd2 Re4 34. g3 Kh5 35. Kd1 Rb1+ 36. Kc2 Rb4 37. Kd1 Rb1+ 
38. Kc2 Rb4 39. Kd1 g5 40. Rxh7+ Kg6 41. Raa7 Rd4+ 42. Ke1 Rb1+ 43. Kf2 Rb2+ 
44. Ke1 Rb1+ 45. Kf2 Rb2+ 46. Ke1 Rb1+ 1/2-1/2

[Event "Friday Night Double Round Robin 3m+1s Starts at 2200hrs ST NO LATE JOINS POSS"]
[Site "Infinity Chess"]
[Date "2018.1.20"]
[Round "14"]
[White "Dovahkiin"]
[Black "MGR"]
[Result "0-1"]
[ECO ""]
[WhiteElo "2448"]
[BlackElo "2531"]
[WhiteEngine "BrainFish_180113_x64_modern_CTG"]
[BlackEngine "asmFishW_2017-11-19_bmi2"]
[EventType "Round Robin"]
[WhiteTeam ""]
[BlackTeam ""]
[PlyCount "166"]
[TimeControl "180+1"]

1. e3 d5 2. d3 e5 3. d4 e4 4. c4 c6 5. Nc3 Nf6 6. Qb3 a6 7. c5 Nbd7 8. Na4 Be7 
9. Bd2 O-O 10. Ne2 Rb8 11. h3 Re8 12. Nf4 Qc7 13. Be2 h6 14. Qc2 g6 15. g3 Bd8 
16. Kf1 h5 17. Kg2 Kg7 18. Rag1 Rh8 19. Kf1 Nf8 20. Nb6 Bf5 21. Qd1 h4 
22. Bg4 Bxg4 23. hxg4 hxg3 24. Rxh8 Kxh8 25. fxg3 Qe7 26. Rh1+ Kg8 27. Qe2 Bxb6 
28. cxb6 N6h7 29. Ba5 Qf6 30. Ke1 Ng5 31. Kd1 Nf3 32. Qg2 Nh7 33. Bd2 Nhg5 
34. Nh3 Nh7 35. Nf4 Rd8 36. Bb4 Nhg5 37. Rh6 Re8 38. a4 Qd8 39. Qh1 Kg7 
40. a5 Qd7 41. Kc1 Qxg4 42. Bd6 c5 43. dxc5 d4 44. c6 Qf5 45. exd4 e3 46. Bb4 e2 
47. Nxe2 Rxe2 48. Qd1 Qb5 49. c7 Qc4+ 50. Bc3 Re1 51. Qxe1 Nxe1 52. Rh4 Nd3+ 
53. Kb1 f6 54. Rh2 Ne4 55. Rc2 Nd6 56. g4 Kf7 57. Rh2 Ne4 58. Rc2 Qe6 
59. Rh2 Nxc3+ 60. Kc2 Ne1+ 61. Kxc3 Qe3+ 62. Kb4 Qxd4+ 63. Ka3 Qc4 64. b3 Qc1+ 
65. Ka2 Nd3 66. b4 Nxb4+ 67. Kb3 Nd5 68. Ka2 Nc3+ 69. Kb3 Ne4 70. Rh3 Nd2+ 
71. Kb4 Ke6 72. Re3+ Kd5 73. Rd3+ Ke5 74. Rxd2 Qxd2+ 75. Ka3 Qxa5+ 76. Kb2 Qxb6+ 
77. Kc2 Qxc7+ 78. Kd3 Qc1 79. g5 fxg5 80. Ke2 Kf4 81. Kd3 Qb2 82. Kc4 Ke4 
83. Kc5 Qd4# 0-1

[Event "Friday Night Double Round Robin 3m+1s Starts at 2200hrs ST NO LATE JOINS POSS"]
[Site "Infinity Chess"]
[Date "2018.1.20"]
[Round "14"]
[White "tris77"]
[Black "Victorious"]
[Result "0-1"]
[ECO "C77"]
[WhiteElo "2433"]
[BlackElo "2528"]
[WhiteEngine "Raubfisch X37b_CTG"]
[BlackEngine "BugChess2.41_Release"]
[EventType "Round Robin"]
[WhiteTeam ""]
[BlackTeam ""]
[PlyCount "164"]
[TimeControl "180+1"]

1. e4 e5 2. Nf3 Nc6 3. Bb5 a6 4. Ba4 Nf6 5. O-O Be7 6. Re1 b5 7. Bb3 O-O 
8. c3 d5 9. exd5 Nxd5 10. Nxe5 Nxe5 11. Rxe5 c6 12. d4 Bd6 13. Re1 Qh4 
14. g3 Qh3 15. Be3 Bg4 16. Qd3 Rae8 17. Nd2 Re6 18. a4 Qh5 19. axb5 axb5 
20. Bxd5 Qxd5 21. Qf1 Rg6 22. f3 Be6 23. b3 Qh5 24. Qg2 h6 25. Ra6 Rc8 
26. Rea1 Kh7 27. Re1 Bh3 28. Qf2 Rf6 29. Raa1 Re8 30. Rac1 Qg6 31. Ra1 Bc7 
32. Ra7 Bb8 33. Ra6 Rfe6 34. Ne4 f5 35. Nc5 R6e7 36. f4 Qf7 37. Raa1 Qd5 
38. Ra2 Bd6 39. Nd3 Qxb3 40. Ne5 Qxc3 41. Rb1 Bxe5 42. dxe5 Rd7 43. Bc5 Red8 
44. Bd6 Rxd6 45. exd6 Rxd6 46. Rc2 Qa5 47. Qe3 b4 48. Qc5 Qa4 49. Qc4 Qa7+ 
50. Qc5 Qe7 51. Rd2 Qe4 52. Rdb2 Rd3 53. Qe5 Qf3 54. Qe2 Qd5 55. Qe5 Rd1+ 
56. Rxd1 Qxd1+ 57. Kf2 Qf1+ 58. Ke3 Qc1+ 59. Kf2 c5 60. Qe2 Bg4 61. Rc2 Qh1 
62. Qf1 Qd5 63. Kg1 Qd4+ 64. Rf2 c4 65. h3 Bd1 66. Qe1 c3 67. Qe6 Qc5 68. g4 c2 
69. gxf5 c1=Q 70. Qg6+ Kg8 71. Qe8+ Qf8 72. Qe6+ Qf7 73. Qe1 Qxf5 74. Qd2 Qc3 
75. Rg2 Bf3 76. Qxc3 bxc3 77. Ra2 c2 78. Ra1 Qc5+ 79. Kf1 Qb5+ 80. Kg1 Qe2 
81. Ra8+ Bxa8 82. h4 c1=Q# 0-1

[Event "Friday Night Double Round Robin 3m+1s Starts at 2200hrs ST NO LATE JOINS POSS"]
[Site "Infinity Chess"]
[Date "2018.1.20"]
[Round "14"]
[White "PAKtech"]
[Black "Gilgamesch"]
[Result "0-1 "]
[ECO "C50"]
[WhiteElo "2450"]
[BlackElo "2541"]
[WhiteEngine "Raubfisch ME262_GTZ16b3._CTG"]
[BlackEngine "BrainFish_171005_x64_bmi2"]
[EventType "Round Robin"]
[WhiteTeam ""]
[BlackTeam ""]
[PlyCount "248"]
[TimeControl "180+1"]

1. e4 e5 2. Nf3 Nc6 3. Bc4 Bc5 4. O-O Nf6 5. d3 d6 6. c3 a5 7. Bg5 h6 8. Bh4 g5 
9. Bg3 O-O 10. a4 Kg7 11. Na3 Ne7 12. Re1 Ng6 13. d4 exd4 14. Nxd4 h5 15. f3 h4 
16. Bf2 Ne5 17. Bb3 Nh5 18. Nc4 Qf6 19. Ne3 Nf4 20. Rf1 Re8 21. Kh1 c6 
22. Bg1 b6 23. Qd2 Kf8 24. h3 Ba6 25. Rfe1 d5 26. exd5 Ned3 27. dxc6 Nxe1 
28. Rxe1 Rad8 29. Rd1 Ne2 30. c7 Ng3+ 31. Kh2 Rd6 32. Qc2 Ne2 33. Nxe2 Bxe3 
34. Bxe3 Rxe3 35. Nd4 Bc8 36. Qd2 Qf4+ 37. Kg1 Re7 38. Qxf4 gxf4 39. Rc1 Rdd7 
40. Kf2 Rxc7 41. Ne2 Red7 42. Bc2 Rc4 43. Be4 Rd2 44. Rc2 Rxc2 45. Bxc2 Bd7 
46. Ke1 Rc8 47. b3 b5 48. axb5 Bxb5 49. c4 Ba6 50. Bf5 Rb8 51. Bc2 a4 
52. bxa4 Rb4 53. Kd2 Rxc4 54. Bd3 Rxa4 55. Bxa6 Rxa6 56. Nxf4 Ke7 57. Ne2 Rg6 
58. Nf4 Rg8 59. Ke2 Kf6 60. Kf1 Ke5 61. Ne2 Kf5 62. Nc3 Rc8 63. Ne2 Ke5 
64. Ke1 Kf5 65. Kf2 Ke5 66. Ke3 Rg8 67. Kf2 Re8 68. Nc1 Ra8 69. Ne2 f6 
70. Ke1 f5 71. Kf1 f4 72. Kf2 Ra1 73. Nc3 Kf5 74. Ne2 Ra8 75. Nd4+ Kg5 
76. Ne2 Kf5 77. Nd4+ Kf6 78. Ne2 Kg5 79. Nd4 Ra1 80. Ne6+ Kf5 81. Nd4+ Kg5 
82. Ne2 Ra6 83. Nc3 Rh6 84. Ne2 Rc6 85. Kf1 Rg6 86. Kg1 Rf6 87. Nc1 Rf5 
88. Ne2 Ra5 89. Kf2 Ra8 90. Kg1 Ra1+ 91. Kf2 Kf5 92. Nd4+ Kf6 93. Ne2 Ra2 
94. Ke1 Kf5 95. Kf1 Ra1+ 96. Kf2 Kg5 97. Nc3 Rc1 98. Ne2 Ra1 99. Nd4 Ra2+ 
100. Kf1 Ra1+ 101. Ke2 Ra4 102. Kd3 Kf6 103. Ke4 Rb4 104. Kd5 Rb1 105. Ke4 Rd1 
106. Nc6 Kg5 107. Nd4 Re1+ 108. Kd3 Kf6 109. Nc6 Ke6 110. Kd2 Rb1 111. Nd4+ Kd5 
112. Kc3 Rc1+ 113. Nc2 Rg1 114. Nb4+ Ke5 115. Nd3+ Kf5 116. Nf2 Rxg2 
117. Ne4 Rg3 118. Nd6+ Kg6 119. Kd3 Rxf3+ 120. Ke2 Rc3 121. Kd2 f3 122. Nb5 f2 
123. Ke2 f1=Q+ 124. Kxf1 Rxh3 0-1